TOP OF THE 1ST |
San Francisco (APP) Giants batting - Pitching for Chicago (APP) Cubs : RHP Rob Craft
|
Pitching: RHP Rob Craft
|
|
Batting: RHB Vinny Torres
|
0-0: Foul Ball, location: 2F 0-1: Foul Ball, location: 2F 0-2: Ball 1-2: Strikes out swinging
|
Batting: RHB Tsugio Yamaguchi
|
0-0: Called Strike 0-1: SINGLE (Line Drive, 7LM, EV 110.0 MPH)
|
Batting: RHB Zach Maguire
|
0-0: Foul Ball, location: 2F 0-1: Ball 1-1: Ball Wild Pitch! Tsugio Yamaguchi to second 2-1: Swinging Strike 2-2: Ball 3-2: Strikes out swinging
|
Batting: LHB Chris West
|
0-0: Ball 1-0: Ball 2-0: Reached on error, E5 (Groundball, 56, EV 85.6 MPH) Tsugio Yamaguchi to third
|
Batting: RHB Jaime Rios
|
0-0: Foul Ball, location: 2F 0-1: Ball 1-1: Called Strike 1-2: Foul Ball, location: 2F 1-2: Ball 2-2: Strikes out swinging
|
Top of the 1st over - 0 runs, 1 hit, 1 error, 2 left on base; San Francisco (APP) 0 - Chicago (APP) 0 |
BOTTOM OF THE 1ST |
Chicago (APP) Cubs batting - Pitching for San Francisco (APP) Giants : RHP Conrad van Gemert
|
Pitching: RHP Conrad van Gemert
|
|
Batting: SHB Jim Lloyd
|
0-0: Ball 1-0: Ball 2-0: Ball 3-0: Called Strike 3-1: Foul Ball, location: 2F 3-2: Strikes out swinging
|
Batting: RHB Lencho Otieno
|
0-0: Ground out 1-3 (Groundball, 13S, EV 64.4 MPH)
|
Batting: RHB Andy Baumhardt
|
0-0: Called Strike 0-1: Ball 1-1: Fly out, F9 (Flyball, 9LM, EV 85.6 MPH)
|
Bottom of the 1st over - 0 runs, 0 hits, 0 errors, 0 left on base; San Francisco (APP) 0 - Chicago (APP) 0 |
TOP OF THE 2ND |
San Francisco (APP) Giants batting - Pitching for Chicago (APP) Cubs : RHP Rob Craft
|
Batting: LHB Kuan Hsia
|
0-0: Swinging Strike 0-1: Ball 1-1: Ball 2-1: Swinging Strike 2-2: Ball 3-2: Ground out 6-3 (Groundball, 6, EV 95.0 MPH)
|
Batting: RHB Adrian Franz
|
0-0: Ground out 5-3 (Groundball, 56, EV 102.5 MPH)
|
Batting: RHB Chris Kulik
|
0-0: Swinging Strike 0-1: Foul Ball, location: 2F 0-2: Foul Ball, location: 2F 0-2: Ball 1-2: Ball 2-2: Fly out, F8 (Flyball, 8RD, EV 97.5 MPH)
|
Top of the 2nd over - 0 runs, 0 hits, 0 errors, 0 left on base; San Francisco (APP) 0 - Chicago (APP) 0 |
BOTTOM OF THE 2ND |
Chicago (APP) Cubs batting - Pitching for San Francisco (APP) Giants : RHP Conrad van Gemert
|
Batting: LHB Jose Mafano
|
0-0: Swinging Strike 0-1: Called Strike 0-2: Ball 1-2: Foul Ball, location: 2F 1-2: Ball 2-2: Foul Ball, location: 2F 2-2: Strikes out swinging
|
Batting: RHB Andy Villarreal
|
0-0: Called Strike 0-1: Swinging Strike 0-2: Strikes out swinging
|
Batting: RHB Jorge Gonzalez
|
0-0: Called Strike 0-1: Ground out 6-3 (Groundball, 6, EV 86.2 MPH)
|
Bottom of the 2nd over - 0 runs, 0 hits, 0 errors, 0 left on base; San Francisco (APP) 0 - Chicago (APP) 0 |
TOP OF THE 3RD |
San Francisco (APP) Giants batting - Pitching for Chicago (APP) Cubs : RHP Rob Craft
|
Batting: RHB Noe Oliva
|
0-0: Called Strike 0-1: Ball 1-1: Foul Ball, location: 2F 1-2: Ball 2-2: Strikes out looking
|
Batting: RHB Vinny Torres
|
0-0: Swinging Strike 0-1: Ball 1-1: Ground out 6-3 (Groundball, 6, EV 77.5 MPH)
|
Batting: RHB Tsugio Yamaguchi
|
0-0: Reached on error, E6 (Groundball, 56, EV 90.6 MPH)
|
Batting: RHB Zach Maguire
|
0-0: Ball Passed Ball! Tsugio Yamaguchi to second 1-0: Ball 2-0: Ball Passed Ball! Tsugio Yamaguchi to third 3-0: Base on Balls
|
Batting: LHB Chris West
|
0-0: Ball 1-0: Ball Passed Ball! Tsugio Yamaguchi scores Zach Maguire to second 2-0: Foul Ball, location: 2F 2-1: Ball 3-1: Base on Balls
|
Batting: RHB Jaime Rios
|
0-0: Called Strike 0-1: Called Strike 0-2: Ball 1-2: Fly out, F4 (Popup, 4MD, EV 71.2 MPH)
|
Top of the 3rd over - 1 run, 0 hits, 1 error, 2 left on base; San Francisco (APP) 1 - Chicago (APP) 0 |
BOTTOM OF THE 3RD |
Chicago (APP) Cubs batting - Pitching for San Francisco (APP) Giants : RHP Conrad van Gemert
|
Batting: LHB Wilhelm Myers
|
0-0: Ball 1-0: Called Strike 1-1: Ball 2-1: Ball 3-1: Base on Balls
|
Batting: SHB Joshua Vincent
|
0-0: Ball 1-0: Fielders Choice at 2nd, 4-6 (Groundball, 4, EV 92.5 MPH)
|
Batting: LHB Eddie Panagos
|
0-0: Bunt missed! 0-1: Bunt missed! 0-2: Bunt missed, Strikeout!
|
Batting: SHB Jim Lloyd
|
0-0: Ball 1-0: Fly out, F9 (Line Drive, 9, EV 103.1 MPH)
|
Bottom of the 3rd over - 0 runs, 0 hits, 0 errors, 1 left on base; San Francisco (APP) 1 - Chicago (APP) 0 |
TOP OF THE 4TH |
San Francisco (APP) Giants batting - Pitching for Chicago (APP) Cubs : RHP Rob Craft
|
Batting: LHB Kuan Hsia
|
0-0: Foul Ball, location: 2F 0-1: Ball 1-1: Ground out 3-1 (Groundball, 34, EV 96.9 MPH)
|
Batting: RHB Adrian Franz
|
0-0: Ball 1-0: Foul Ball, location: 2F 1-1: Ball 2-1: Swinging Strike 2-2: Ball 3-2: Foul Ball, location: 2F 3-2: Ground out 5-3 (Groundball, 56, EV 78.8 MPH)
|
Batting: RHB Chris Kulik
|
0-0: Swinging Strike 0-1: Called Strike 0-2: Strikes out swinging
|
Top of the 4th over - 0 runs, 0 hits, 0 errors, 0 left on base; San Francisco (APP) 1 - Chicago (APP) 0 |
BOTTOM OF THE 4TH |
Chicago (APP) Cubs batting - Pitching for San Francisco (APP) Giants : RHP Conrad van Gemert
|
Batting: RHB Lencho Otieno
|
0-0: Ball 1-0: Called Strike 1-1: Called Strike 1-2: Foul Ball, location: 2F 1-2: Strikes out swinging
|
Batting: RHB Andy Baumhardt
|
0-0: Ball 1-0: Ground out 5-3 (Groundball, 56, EV 92.5 MPH)
|
Batting: LHB Jose Mafano
|
0-0: Called Strike 0-1: Foul Ball, location: 2F 0-2: Foul Ball, location: 2F 0-2: Ball 1-2: Strikes out swinging
|
Bottom of the 4th over - 0 runs, 0 hits, 0 errors, 0 left on base; San Francisco (APP) 1 - Chicago (APP) 0 |
TOP OF THE 5TH |
San Francisco (APP) Giants batting - Pitching for Chicago (APP) Cubs : RHP Rob Craft
|
Batting: RHB Noe Oliva
|
0-0: Called Strike 0-1: Ground out 6-3 (Groundball, 6, EV 80.6 MPH)
|
Batting: RHB Vinny Torres
|
0-0: Foul Ball, location: 2F 0-1: Ball 1-1: Foul Ball, location: 2F 1-2: DOUBLE (Groundball, 5L, EV 98.8 MPH)
|
Batting: RHB Tsugio Yamaguchi
|
0-0: Ball Passed Ball! Vinny Torres to third 1-0: Swinging Strike Passed Ball! Vinny Torres scores 1-1: Ball 2-1: Fly out, F7 (Line Drive, 7S, EV 92.5 MPH)
|
Batting: RHB Zach Maguire
|
0-0: Ball 1-0: Foul Ball, location: 2F 1-1: Ball 2-1: Ball 3-1: Foul Ball, location: 2F 3-2: Foul Ball, location: 2F 3-2: Ground out 5-3 (Groundball, 56, EV 85.0 MPH)
|
Top of the 5th over - 1 run, 1 hit, 0 errors, 0 left on base; San Francisco (APP) 2 - Chicago (APP) 0 |
BOTTOM OF THE 5TH |
Chicago (APP) Cubs batting - Pitching for San Francisco (APP) Giants : RHP Conrad van Gemert
|
Batting: RHB Andy Villarreal
|
0-0: Ball 1-0: Swinging Strike 1-1: Ground out 4-3 (Groundball, 4M, EV 87.5 MPH)
|
Batting: RHB Jorge Gonzalez
|
0-0: Swinging Strike 0-1: Ball 1-1: Ground out 2-3 (Groundball, 2L, EV 73.1 MPH)
|
Batting: LHB Wilhelm Myers
|
0-0: SINGLE (Groundball, 56D, EV 102.5 MPH)
|
Batting: SHB Joshua Vincent
|
0-0: Called Strike 0-1: Ball 1-1: Called Strike 1-2: Foul Ball, location: 2F 1-2: Ball 2-2: Ball 3-2: Strikes out swinging
|
Bottom of the 5th over - 0 runs, 1 hit, 0 errors, 1 left on base; San Francisco (APP) 2 - Chicago (APP) 0 |
TOP OF THE 6TH |
San Francisco (APP) Giants batting - Pitching for Chicago (APP) Cubs : RHP Rob Craft
|
Batting: LHB Chris West
|
0-0: Ball 1-0: Called Strike 1-1: Called Strike 1-2: Strikes out swinging
|
Batting: RHB Jaime Rios
|
0-0: Ball 1-0: Fly out, F8 (Line Drive, 8LD, EV 93.1 MPH)
|
Batting: LHB Kuan Hsia
|
0-0: Ball 1-0: Foul Ball, location: 2F 1-1: Ball 2-1: Ball 3-1: Fly out, F7 (Flyball, 78XD, EV 90.0 MPH)
|
Top of the 6th over - 0 runs, 0 hits, 0 errors, 0 left on base; San Francisco (APP) 2 - Chicago (APP) 0 |
BOTTOM OF THE 6TH |
Chicago (APP) Cubs batting - Pitching for San Francisco (APP) Giants : RHP Conrad van Gemert
|
Batting: LHB Eddie Panagos
|
0-0: Ball 1-0: Foul Ball, location: 2F 1-1: Swinging Strike 1-2: Strikes out swinging, 2-3 out at first.
|
Batting: SHB Jim Lloyd
|
0-0: Called Strike 0-1: Ground out 6-3 (Groundball, 6, EV 98.1 MPH)
|
Batting: RHB Lencho Otieno
|
0-0: Swinging Strike 0-1: Ball 1-1: Swinging Strike 1-2: Strikes out swinging
|
Bottom of the 6th over - 0 runs, 0 hits, 0 errors, 0 left on base; San Francisco (APP) 2 - Chicago (APP) 0 |
TOP OF THE 7TH |
San Francisco (APP) Giants batting - Pitching for Chicago (APP) Cubs : RHP Rob Craft
|
Batting: RHB Adrian Franz
|
0-0: Ball 1-0: Swinging Strike 1-1: Ground out 5-3 (Groundball, 56, EV 88.1 MPH)
|
Batting: RHB Chris Kulik
|
0-0: Ball 1-0: Swinging Strike 1-1: Ball 2-1: SINGLE (Groundball, 4MD, EV 100.0 MPH)
|
Batting: RHB Noe Oliva
|
0-0: Called Strike 0-1: Ground out 5-3 (Groundball, 56S, EV 66.9 MPH) Chris Kulik to second
|
Pitching: RHP Luis Solis
|
|
Batting: RHB Vinny Torres
|
0-0: Ball 1-0: Ball 2-0: Ball 3-0: Base on Balls
|
Batting: RHB Tsugio Yamaguchi
|
0-0: Ball Wild Pitch! Chris Kulik to third Vinny Torres to second 1-0: Ball Wild Pitch! Chris Kulik scores Vinny Torres to third 2-0: SINGLE (Flyball, 89S, EV 91.2 MPH) Vinny Torres scores
|
Batting: RHB Zach Maguire
|
0-0: Ball 1-0: Foul Ball, location: 2F 1-1: Swinging Strike 1-2: Ball 2-2: Foul Ball, location: 2F 2-2: Foul Ball, location: 2F 2-2: Strikes out swinging
|
Top of the 7th over - 2 runs, 2 hits, 0 errors, 1 left on base; San Francisco (APP) 4 - Chicago (APP) 0 |
BOTTOM OF THE 7TH |
Chicago (APP) Cubs batting - Pitching for San Francisco (APP) Giants : RHP Conrad van Gemert
|
Now at 3B: Cedric Sweep
|
|
Now at SS: Adrian Franz
|
|
Batting: RHB Andy Baumhardt
|
0-0: Fly out, F9 (Flyball, 89M, EV 84.4 MPH)
|
Batting: LHB Jose Mafano
|
0-0: Ground out 6-3 (Groundball, 6MD, EV 100.6 MPH)
|
Batting: RHB Andy Villarreal
|
0-0: Called Strike 0-1: Ground out 4-3 (Groundball, 34, EV 81.9 MPH)
|
Bottom of the 7th over - 0 runs, 0 hits, 0 errors, 0 left on base; San Francisco (APP) 4 - Chicago (APP) 0 |
TOP OF THE 8TH |
San Francisco (APP) Giants batting - Pitching for Chicago (APP) Cubs : RHP Luis Solis
|
Batting: LHB Chris West
|
0-0: Ball 1-0: SOLO HOME RUN (Flyball, 9D, EV 99.4 MPH), Distance : 390 ft
|
Batting: SHB Cedric Sweep
|
0-0: Ball 1-0: Ball 2-0: Swinging Strike 2-1: SINGLE (Groundball, 34, EV 109.4 MPH)
|
Pitching: RHP Mike Reusch
|
|
Batting: LHB Kuan Hsia
|
0-0: Called Strike 0-1: Ball Passed Ball! Cedric Sweep to second 1-1: Called Strike 1-2: Fly out, F9 (Flyball, 9D, EV 83.1 MPH) Runner from 2nd tags up, SAFE at 3rd, no throw by RF
|
Batting: RHB Adrian Franz
|
0-0: Ground out 4-3 (Groundball, 4, EV 87.5 MPH) Cedric Sweep scores
|
Batting: RHB Chris Kulik
|
0-0: Ball 1-0: Ball 2-0: Called Strike 2-1: Foul Ball, location: 2F 2-2: Ball 3-2: SINGLE (Line Drive, 5D, EV 95.0 MPH)
|
Batting: RHB Noe Oliva
|
0-0: Ball Wild Pitch! Chris Kulik to second 1-0: Ball 2-0: Ball Passed Ball! Chris Kulik to third 3-0: Base on Balls
|
Batting: RHB Vinny Torres
|
0-0: Foul Ball, location: 2F 0-1: Ball 1-1: Called Strike 1-2: Ball 2-2: Foul Ball, location: 2F 2-2: Fly out, F7 (Flyball, 78S, EV 91.9 MPH)
|
Top of the 8th over - 2 runs, 3 hits, 0 errors, 2 left on base; San Francisco (APP) 6 - Chicago (APP) 0 |
BOTTOM OF THE 8TH |
Chicago (APP) Cubs batting - Pitching for San Francisco (APP) Giants : RHP Conrad van Gemert
|
Batting: RHB Jorge Gonzalez
|
0-0: Foul Ball, location: 2F 0-1: Ground out 4-3 (Groundball, 4, EV 77.5 MPH)
|
Pitching: RHP Josh Henderson
|
|
Batting: LHB Wilhelm Myers
|
0-0: Foul Ball, location: 2F 0-1: Ball 1-1: Swinging Strike 1-2: Ground out 4-3 (Groundball, 4, EV 80.6 MPH)
|
Batting: SHB Joshua Vincent
|
0-0: Swinging Strike 0-1: Ball 1-1: Swinging Strike 1-2: Ball 2-2: Ball 3-2: Foul Ball, location: 2F 3-2: Foul Ball, location: 2F 3-2: Strikes out swinging
|
Bottom of the 8th over - 0 runs, 0 hits, 0 errors, 0 left on base; San Francisco (APP) 6 - Chicago (APP) 0 |
TOP OF THE 9TH |
San Francisco (APP) Giants batting - Pitching for Chicago (APP) Cubs : RHP Mike Reusch
|
Pitching: RHP Man-keung Li
|
|
Batting: RHB Tsugio Yamaguchi
|
0-0: Called Strike 0-1: Ball 1-1: Ball 2-1: Ball 3-1: Base on Balls
|
Batting: RHB Zach Maguire
|
0-0: Ball Tsugio Yamaguchi steals 2nd base 1-0: Ball 2-0: Foul Ball, location: 2F 2-1: Ball 3-1: Base on Balls
|
Batting: LHB Chris West
|
0-0: Ball 1-0: Called Strike 1-1: Foul Ball, location: 2F 1-2: Strikes out swinging
|
Batting: SHB Cedric Sweep
|
0-0: Ball Tsugio Yamaguchi steals 3rd base Zach Maguire to second 1-0: Ground out 4-3 (Groundball, 4, EV 80.6 MPH) Tsugio Yamaguchi scores Zach Maguire to third
|
Batting: LHB Kuan Hsia
|
0-0: 2-RUN HOME RUN (Flyball, 89XD, EV 115.6 MPH), Distance : 443 ft
|
Batting: RHB Adrian Franz
|
0-0: Called Strike 0-1: Ball 1-1: Ball 2-1: SINGLE (Popup, 3D, EV 50.0 MPH)
|
Pitching: RHP Robbie Schoen
|
|
Batting: RHB Chris Kulik
|
0-0: Ball 1-0: Ball 2-0: Ball Passed Ball! Adrian Franz to second 3-0: Called Strike 3-1: Base on Balls
|
Batting: RHB Noe Oliva
|
0-0: Called Strike 0-1: Swinging Strike 0-2: Strikes out swinging
|
Top of the 9th over - 3 runs, 2 hits, 0 errors, 2 left on base; San Francisco (APP) 9 - Chicago (APP) 0 |
BOTTOM OF THE 9TH |
Chicago (APP) Cubs batting - Pitching for San Francisco (APP) Giants : RHP Josh Henderson
|
Batting: LHB Eddie Panagos
|
0-0: Ball 1-0: Ground out 3-1 (Groundball, 34, EV 88.1 MPH)
|
Batting: SHB Jim Lloyd
|
0-0: Called Strike 0-1: Fly out, F4 (Line Drive, 4, EV 73.8 MPH)
|
Batting: RHB Lencho Otieno
|
0-0: Ball 1-0: Swinging Strike 1-1: Ball 2-1: Ground out 6-3 (Groundball, 56, EV 83.1 MPH)
|
Bottom of the 9th over - 0 runs, 0 hits, 0 errors, 0 left on base; San Francisco (APP) 9 - Chicago (APP) 0 |
|